 Dungeon Crawl Stone Soup version 0.22.1-2-g9c5b331 (webtiles) character file.

161 Yoni the Covered (level 5, -2/41 HPs)
             Began as a Human Fighter on Dec 20, 2018.
             Slain by an orc
             ... wielding a +0 dagger
              (4 damage)
             ... on level 3 of the Dungeon.
             The game lasted 00:07:12 (2086 turns).

Yoni the Covered (Human Fighter)                    Turns: 2086, Time: 00:07:12

Health: -2/41      AC:  7    Str: 18    XL:     5   Next: 70%
Magic:  5/5        EV:  7    Int:  8    God:
Gold:   135        SH:  9    Dex: 12    Spells: 4/4 levels left

rFire    . . .     SeeInvis .   a - +0 long sword
rCold    . . .     Gourm    .   c - +0 shield
rNeg     . . .     Faith    .   b - +0 scale mail
rPois    .         Spirit   .   (no helmet)
rElec    .         Reflect  .   (no cloak)
rCorr    .         Harm     .   (no gloves)
MR       .....                  (no boots)
Stlth    ..........             (no amulet)
HPRegen  0.13/turn              (no ring)
MPRegen  0.09/turn              (no ring)

@: lethally poisoned (-2 -> -5), flying, hasted, very quick
A: no striking features
a: no special abilities


You were on level 3 of the Dungeon.
You were not hungry.

You visited 1 branch of the dungeon, and saw 3 of its levels.

You collected 135 gold pieces.

Inventory:

Hand Weapons
 a - a +0 long sword (weapon)
Armour
 b - a +0 scale mail (worn)
 c - a +0 shield (worn)
Jewellery
 g - an uncursed ring of stealth {unknown}
 q - an uncursed ring of protection from magic {unknown}
Scrolls
 e - a scroll of fog {unknown}
 i - 8 scrolls of identify {unknown}
 j - 5 scrolls of teleportation {unknown}
 k - a scroll of amnesia {unknown}
 m - 3 scrolls of remove curse {unknown}
 o - a scroll of fear {unknown}
 r - 3 scrolls of magic mapping {unknown}
 u - a scroll of enchant weapon {unknown}
 v - a scroll of blinking {unknown}
Potions
 d - a potion of might
 n - a potion of brilliance {unknown}
 p - a potion of heal wounds {unknown}
 s - a potion of invisibility {unknown}
 t - a potion of ambrosia {unknown}
Comestibles
 f - 7 rations


   Skills:
 + Level 3.6 Fighting
 + Level 3.8 Long Blades
 + Level 3.8 Armour
 + Level 1.0 Dodging
 + Level 3.4 Shields


You had 4 spell levels left.
You didn't know any spells.
Your spell library contained the following spells:

 Spells                   Type           Power        Failure   Level  Hunger
 Animate Skeleton         Necr           N/A          99%         1    ##.....
 Apportation              Tloc           #.....       99%         1    ##.....
 Confusing Touch          Hex            #.....       99%         1    ##.....
 Summon Small Mammal      Summ           #...         99%         1    ##.....


Dungeon Overview and Level Annotations

Branches:
Dungeon (3/15)

Altars:


Message History

Okay, then.
Okay, then.
* * * LOW HITPOINT WARNING * * *
You feel sick. The orc closely misses you. The orc hits you but does no damage.
* * * LOW HITPOINT WARNING * * *
You feel sick. You block the orc's attack.
Sorry, you're not good enough to have a special ability.
* * * LOW HITPOINT WARNING * * *
You feel sick.
* * * LOW HITPOINT WARNING * * *
You feel sick.
Sorry, you're not good enough to have a special ability.
It was a potion of flight.
You feel very buoyant.
You fly up into the air.
* * * LOW HITPOINT WARNING * * *
You feel sick. The orc hits you but does no damage. x2
It was a potion of haste.
You feel yourself speed up. The orc hits you with a dagger.
You die...

#.#.(.#.. .....##.#.#
#.###.### ##.#.##...#
#.# #.# #.#..####.#
#.# #.# ##.######..
#.###.######....)...#
#..(...†........#####
####.............#
#..######.##..#
###@.## #.##..#
#.ooo.####...#..#
#..o.......#.#..#
#.g...##.<. >...#
#.....# .#####.
#.....# ..# .
###..####..#....
#..†..........
#.###.###.###.


You could see an orc wizard, 3 orcs and a hobgoblin.

Vanquished Creatures
  2 worker ants
  4 adders
  An ooze (D:3)
  5 dart slugs
  3 leopard geckos
  2 ball pythons (D:1)
  4 bats
  2 giant cockroaches
  12 goblins
  8 hobgoblins
  3 jackals (D:1)
  3 kobolds
  3 frilled lizards
  6 rats
58 creatures vanquished.

Notes
Turn   | Place    | Note
-------+----------+-------------------------------------------
     0 | D:1      | Yoni the Human Fighter began the quest for the Orb.
     0 | D:1      | Reached XP level 1. HP: 18/18 MP: 1/1
    29 | D:1      | Reached XP level 2. HP: 23/24 MP: 2/2
   171 | D:1      | Reached XP level 3. HP: 25/29 MP: 3/3
   780 | D:1      | Reached XP level 4. HP: 35/35 MP: 4/4
  1426 | D:2      | Reached XP level 5. HP: 24/41 MP: 5/5
  1908 | D:3      | Reached skill level 1 in Dodging
  2084 | D:3      | HP: 2/41 [poisoned by a worker ant]
  2086 | D:3      | Slain by an orc

Skill      XL: |  1  2  3  4  5 |
---------------+----------------+-----
Long Blades    | 3 |  3.8
Dodging        | 1 |  1.0
Fighting       | |  3.6
Armour         | |  3.8
Shields        | |  3.4

Action                   |  1- 3 |  4- 6 || total
-------------------------+-------+-------++-------
Melee: Long sword        |    83 |   111 ||   194
  Use: Potion            |       |     2 ||     2
  Eat: Chunk             |       |     4 ||     4
Armor: Scale mail        |    42 |    48 ||    90
Dodge: Dodged            |    24 |    33 ||    57
Block: Shield            |    50 |    50 ||   100
       Rpst.: Long sword |    11 |     8 ||    19
